 Dungeon Crawl Stone Soup version 0.18.1-47-g9310371 (webtiles) character file.

604 rftp080 the Ruffian (level 7, -2/58 (60) HPs)
             Began as a Ghoul Wizard on June 20, 2016.
             Slain by an ogre
             ... wielding a +0 giant spiked club
              (32 damage)
             ... on level 5 of the Dungeon.
             The game lasted 00:12:34 (5008 turns).

rftp080 the Ruffian (Ghoul Wizard)                  Turns: 5008, Time: 00:12:35

HP:   -2/58 (60)    AC:  5    Str: 11    XL:     7   Next: 42%
MP:   10/10         EV:  7    Int: 15    God:
Gold: 253           SH:  8    Dex:  7    Spells: 2 memorised, 8 levels left

rFire  . . .     SeeInvis .       - Unarmed
rCold  + . .     Gourm    .     g - +0 ring mail
rNeg   + + +     Faith    .     v - +2 shield
rPois  ∞         Spirit   .     b - +0 hat
rElec  .         Dismiss  .     (no cloak)
rCorr  .         Reflect  .     (no gloves)
SustAt .         Harm     .     (no boots)
MR     .....                    (no amulet)
Stlth  +.........               (no ring)
                                (no ring)

@: rotting, repel missiles, not resistant to hostile enchantments, very
unstealthy
A: rotting body, claws 1, carnivore 3, cold resistance 1, negative energy
resistance 3, slow regeneration 1, torment resistance, unbreathing
a: no special abilities


You were on level 5 of the Dungeon.
You were not hungry.

You visited 1 branch of the dungeon, and saw 5 of its levels.

You collected 253 gold pieces.

Inventory:

Armour
 a - a +0 robe
 b - a +0 hat (worn)
 g - a +0 ring mail (worn)
 h - a +0 chain mail
 v - a +2 shield (worn)
Jewellery
 n - an uncursed ring of protection from cold {unknown}
 r - a cursed ring of teleportation {unknown}
 t - an uncursed amulet of magic regeneration {unknown}
Scrolls
 e - 2 scrolls of recharging {unknown}
 f - 3 scrolls of remove curse
 i - 2 scrolls of enchant armour {unknown}
 l - 3 scrolls of enchant weapon
 o - 2 scrolls of teleportation {unknown}
 p - 3 scrolls of identify
 s - a scroll of blinking {unknown}
 u - a scroll of amnesia {unknown}
Potions
 j - a potion of cancellation
 k - 2 potions of berserk rage
 m - a potion of brilliance {unknown}
 q - a potion of might {unknown}
 w - a potion of lignification {unknown}
 z - a potion of experience {unknown}
Books
 c - a book of Minor Magic

   Spells                             Type                      Level
   a - Magic Dart                     Conjuration                  1
   b - Blink                          Translocation                2
   c - Call Imp                       Summoning                    2
   d - Repel Missiles                 Charms/Air                   2
   e - Slow                           Hexes                        2
   f - Conjure Flame                  Conjuration/Fire             3
   g - Mephitic Cloud                 Conjuration/Poison/Air       3
Comestibles
 d - 3 meat rations


   Skills:
 + Level 4.5 Fighting
 + Level 1.7 Armour
 - Level 1.7 Dodging
 - Level 2.1 Stealth
 + Level 0.8 Shields
 * Level 6.1 Unarmed Combat
 - Level 2.6 Spellcasting
 - Level 0.7 Conjurations
   Level 0.8 Summonings
   Level 0.8 Translocations


You had 8 spell levels left.
You knew the following spells:

 Your Spells              Type           Power        Failure   Level  Hunger
a - Magic Dart            Conj           #...         100%        1    #......
b - Repel Missiles        Chrm/Air       #.....       100%        2    ##.....


Dungeon Overview and Level Annotations

Branches:
Dungeon (5/15)
 Temple: D:4-7

Altars:
Cheibriados
Gozag

Annotations:
D:4 LinoAlbertino's ghost, amateur DDFi


Innate Abilities, Weirdness & Mutations

Your body is rotting away.
You thrive on raw meat.
You are immune to poison.
You have sharp fingernails.
You are carnivorous and can eat meat at any time.
Your flesh is cold resistant.
You are immune to negative energy.
You regenerate slowly when monsters are visible.
You are immune to unholy pain and torment.
You can survive without breathing.


Message History

You feel your flesh rotting away.
There is a stone staircase leading down here.
You climb downwards.
An orc and an ogre come into view.
The orc shouts!
Found four items.
There is a stone staircase leading up here.
You barely miss the ogre.
The ogre hits you with a giant spiked club!!
You scratch the ogre.
The ogre is lightly wounded.
The orc barely misses you.
You scratch the ogre.
The ogre is lightly wounded.
The ogre barely misses you. The orc hits you with a whip.
You barely miss the ogre.
The ogre is lightly wounded.
The ogre hits you with a giant spiked club!!
Ouch! That really hurt!
You die...

... ... ..##
### .!..
##..###(.#
##........###
#....o.......
#)..O@.......
#.......?....
#.............
#.............
##............
#............
#...........#
##.........##


You could see an ogre and an orc.

Vanquished Creatures
  Blork the orc (D:4)
  2 howler monkeys (D:4)
  A hound (D:4)
  An orc priest (D:3)
  2 orc wizards
  A centaur skeleton (D:4)
  Ijyb (D:3)
  2 worker ants
  8 gnolls
  4 adders
  2 oozes
  3 worms (D:3)
  A dart slug (D:4)
  3 giant geckos
  19 orcs
  4 bats
  4 giant cockroaches
  6 goblins
  8 hobgoblins
  4 quokkas
  2 ball pythons
  10 giant newts
  4 kobolds
  23 rats
116 creatures vanquished.

Notes
Turn   | Place    | Note
--------------------------------------------------------------
     0 | D:1      | rftp080 the Ghoul Wizard began the quest for the Orb.
     0 | D:1      | Reached XP level 1. HP: 14/14 MP: 3/3
   169 | D:1      | Reached skill level 1 in Fighting
   327 | D:1      | Reached XP level 2. HP: 10/22 MP: 0/4
   421 | D:1      | Reached skill level 1 in Unarmed Combat
   633 | D:1      | Reached XP level 3. HP: 12/29 MP: 1/6
   769 | D:1      | Reached skill level 2 in Unarmed Combat
  1155 | D:2      | Found a snail-covered altar of Cheibriados.
  1213 | D:2      | Reached XP level 4. HP: 36/36 MP: 0/7
  1220 | D:2      | Reached skill level 3 in Unarmed Combat
  1386 | D:2      | Found an opulent altar of Gozag.
  1761 | D:3      | Noticed Ijyb
  1770 | D:3      | Killed Ijyb
  1770 | D:3      | Reached XP level 5. HP: 40/44 MP: 8/8
  1911 | D:3      | Reached skill level 4 in Unarmed Combat
  2358 | D:3      | Reached XP level 6. HP: 49/51 MP: 9/9
  2826 | D:3      | Reached skill level 5 in Unarmed Combat
  3091 | D:4      | Noticed LinoAlbertino's ghost (amateur DDFi)
  3856 | D:4      | Reached skill level 1 in Armour
  4050 | D:4      | Reached XP level 7. HP: 49/57 MP: 10/10
  4090 | D:4      | Noticed Blork the orc
  4123 | D:4      | Killed Blork the orc
  4134 | D:4      | Learned a level 2 spell: Repel Missiles
  4266 | D:4      | Reached skill level 6 in Unarmed Combat
  5003 | D:5      | Entered Level 5 of the Dungeon
  5008 | D:5      | Slain by an ogre

Skill      XL: |  1  2  3  4  5  6  7 |
---------------+----------------------+-----
Fighting       | 1 2 3 4 |  4.5
Unarmed Combat | 1 2 3 4 5 6 |  6.1
Armour         | 1 |  1.7
Dodging        | |  1.7
Stealth        | |  2.1
Shields        | |  0.8
Spellcasting   | |  2.6
Conjurations   | |  0.7
Summonings     | |  0.8
Translocations | |  0.8

Action                   |  1- 3 |  4- 6 |  7- 9 || total
-------------------------+-------+-------+-------++-------
Melee: Unarmed           |   127 |   329 |   108 ||   564
       Punch             |     1 |     2 |       ||     3
 Cast: Magic Dart        |    26 |       |       ||    26
       Repel Missiles    |       |       |     1 ||     1
  Use: Scroll            |       |     5 |       ||     5
       Potion            |       |       |     1 ||     1
 Stab: Distracted        |     1 |       |       ||     1
  Eat: Chunk             |    23 |    24 |    12 ||    59
Armor: Robe              |     8 |       |       ||     8
       Ring mail         |    39 |    78 |    30 ||   147
Dodge: Dodged            |    91 |   134 |    19 ||   244
       Deflected         |       |       |     1 ||     1
Block: Shield            |       |     4 |    42 ||    46
